 Dungeon Crawl Stone Soup version 0.32-a0-314-g526f7d4993 (webtiles) character file.

Game seed: 17568549840983441824

201852 avgcrawlenjoyer the Cleaver (level 17, -1/135 HPs)
             Began as a Demonspawn Monk on Feb 15, 2024.
             Was the Champion of Wu Jian.
             Killed from afar by an elemental wellspring (37 damage)
             ... with a torrent of water
             ... on level 3 of the Shoals.
             The game lasted 01:52:06 (33747 turns).

avgcrawlenjoyer the Cleaver (Demonspawn Monk)      Turns: 33747, Time: 01:52:07

Health: -1/135     AC: 36    Str: 26    XL:     17   Next: 92%
Magic:  29/29      EV: 14    Int:  7    God:    Wu Jian [******]
Gold:   2094       SH: 18    Dex: 23    Spells: 29/32 levels left

rFire   . . .        a - +5 broad axe (elec)
rCold   + . .        p - +2 kite shield {AC+3}
rNeg    + + .        M - +2 crystal plate armour {rC+}
rPois   .            (helmet unavailable)
rElec   .            K - +2 cloak
rCorr   +            u - +2 pair of gloves {Stlth+}
SInv    +            D - +1 pair of boots
Will    ++...        Y - amulet of faith
Stlth   +            b - ring of Gased {rCorr Str+7 SInv Stlth-}
HPRegen 0.42/turn    o - ring "Daceraptyo" {rN++ Int-3 Dex+6 Slay+3 SInv}
MPRegen 0.21/turn

%: faith
@: mighty, engulfed (cannot breathe)
A: horns 3, powered by pain 1, torment resistance 1, sturdy frame 3,
condensation shield, demonic willpower
}: 1/15 runes: gossamer
a: Renounce Religion, Wall Jump, Serpent's Lash, Heavenly Storm


You were on level 3 of the Shoals.
You worshipped Wu Jian.
Wu Jian was exalted by your worship.
You visited 6 branches of the dungeon, and saw 30 of its levels.
You visited 1 bazaar.
You also visited: Sewer, Bailey, Gauntlet and Ice Cave.

You collected 3522 gold pieces.
You spent 1428 gold pieces at shops.

Inventory:

Hand Weapons
 a - a +5 broad axe of electrocution (weapon)
 g - a +2 scimitar of flaming
Missiles
 r - 21 boomerangs (quivered)
 s - 57 poisoned darts
 A - 7 curare-tipped darts
 F - 10 silver javelins
 I - 5 throwing nets
Armour
 p - a +2 kite shield of protection (worn)
 u - a +2 pair of gloves of stealth (worn)
 D - a +1 pair of boots (worn)
 K - a +2 cloak (worn)
 M - a +2 crystal plate armour of cold resistance (worn)
 Q - a +0 robe of resistance
Jewellery
 b - the ring of Gased (left hand) {rCorr Str+7 SInv Stlth-}
   (You bought it in a shop in a bazaar)

   [ring of resist corrosion]

   Str+7:     It affects your strength (+7).
   SInv:      It lets you see invisible.
   rCorr:     It protects you from acid and corrosion.
   Stlth-:    It makes you less stealthy.
 o - the ring "Daceraptyo" (right hand) {rN++ Int-3 Dex+6 Slay+3 SInv}
   (You found it on level 13 of the Dungeon)

   [ring of dexterity]

   Int-3:     It affects your intelligence (-3).
   Dex+6:     It affects your dexterity (+6).
   Slay+3:    It affects your accuracy & damage with ranged weapons and melee
   (+3).
   rN++:      It greatly protects you from negative energy.
   SInv:      It lets you see invisible.
 E - the amulet "Ocrowuv" {Spirit Rampage}
   (You found it in a Gauntlet)

   [amulet of guardian spirit]

   Spirit:    It causes incoming damage to be divided between your reserves of
   health and magic.
   Rampage:   It bestows one free step when moving towards enemies.
 L - a ring of protection from cold
 Y - an amulet of faith (around neck)
Wands
 c - a wand of digging (17)
 f - a wand of polymorph (4)
 i - a wand of charming (11)
 t - a wand of mindburst (13)
 z - a wand of iceblast (10)
 C - a wand of light (5)
 O - a wand of flame (23)
Scrolls
 h - 12 scrolls of teleportation
 k - 2 scrolls of fog
 w - 4 scrolls of identify
 x - a scroll of revelation
 y - a scroll of immolation
 G - 3 scrolls of fear
 J - 2 scrolls of amnesia
 R - 3 scrolls of butterflies
 S - a scroll of blinking
 U - a scroll of torment
 V - a scroll of poison
 W - a scroll of silence
Potions
 j - 6 potions of enlightenment
 m - 4 potions of might
 n - 7 potions of haste
 q - a potion of brilliance
 v - a potion of resistance
 B - 5 potions of ambrosia
 N - 7 potions of curing
 P - 2 potions of cancellation
 X - 5 potions of magic
 Z - a potion of mutation
Miscellaneous
 e - a lightning rod (4/4)
 l - a phial of floods
 H - a sack of spiders
 T - a condenser vane


   Skills:
 * Level 12.5 Fighting
 * Level 13.8 Axes
 + Level 6.0 Throwing
 + Level 11.8 Armour
 + Level 10.9 Dodging
 + Level 11.2 Stealth
 * Level 7.5 Shields
 + Level 8.0 Spellcasting
 + Level 5.7 Hexes
 + Level 5.1 Fire Magic
 + Level 8.6 Evocations
 + Level 5.9 Shapeshifting


You had 29 spell levels left.
You knew the following spells:

 Your Spells              Type           Power      Damage    Failure   Level
a - Inner Flame           Hex/Fire       10%        N/A       61%         3

Your spell library contained the following spells:

 Spells                   Type           Power      Damage    Failure   Level
 Jinxbite                 Hex            20%        N/A       34%         2
 Dazzling Flash           Conj/Hex       12%        N/A       93%         3
 Apportation              Tloc           4%         N/A       94%         1
 Freeze                   Ice            8%         1d3       94%         1
 Magic Dart               Conj           8%         1d3       94%         1
 Necrotise                Necr           8%         1d4       94%         1
 Shock                    Conj/Air       8%         1d3       94%         1
 Sting                    Conj/Alch      8%         1d3       94%         1
 Summon Small Mammal      Summ           8%         N/A       94%         1
 Volatile Blastmotes      Fire/Tloc      12%        2d11      95%         3
 Blink                    Tloc           4%         N/A       98%         2
 Lesser Beckoning         Tloc           4%         N/A       98%         2
 Mercury Vapours          Alch/Air       4%         N/A       98%         2
 Momentum Strike          Conj/Tloc      4%         3d8       98%         2
 Searing Ray              Conj           4%         2d4       98%         2
 Ozocubu's Armour         Ice            2%         N/A       100%        3
 Summon Ice Beast         Ice/Summ       2%         N/A       100%        3
 Swiftness                Air            2%         N/A       100%        3
 Vampiric Draining        Necr           2%         2d6       100%        3
 Airstrike                Air            1%         2d(1-17)  100%        4
 Flame Wave               Conj/Fire      6%         2d5       100%        4
 Fulminant Prism          Conj/Alch      1%         3d5       100%        4
 Martyr's Knell           Necr/Summ      2%         N/A       100%        4
 Olgreb's Toxic Radiance  Alch           2%         N/A       100%        4
 Passage of Golubria      Tloc           2%         N/A       100%        4
 Sticky Flame             Fire/Alch      6%         2d4       100%        4
 Alistair's Intoxication  Alch           1%         N/A       100%        5
 Curse of Agony           Necr           2%         N/A       100%        5
 Metabolic Englaciation   Hex/Ice        3%         N/A       100%        5
 Silence                  Hex/Air        3%         N/A       100%        5
 Summon Forest            Summ/Tloc      1%         N/A       100%        5
 Eringya's Noxious Bog    Alch           1%         4d6       100%        6
 Sculpt Simulacrum        Ice/Alch       1%         N/A       100%        6
 Starburst                Conj/Fire      3%         6d3       100%        6
 Summon Hydra             Summ           1%         N/A       100%        7
 Lehudib's Crystal Spear  Conj/Erth      1%         10d2      100%        8
 Maxwell's Capacitive Co  Air            1%         ∞         100%        8
 Polar Vortex             Ice            1%         N/A       100%        9


Dungeon Overview and Level Annotations

Branches:
Dungeon (15/15)            Temple (1/1) D:5            Lair (5/5) D:11
 Shoals (3/4) Lair:3       Spider (4/4) Lair:2        Slime (0/5) Lair:5
    Orc (2/2) D:10            Elf (0/3) Orc:2        Vaults (0/5) D:13
 Depths (0/4) D:15          Sewer (visited)          Bailey (visited)
  IceCv (visited)         Gauntlet (visited)

Altars:
Ashenzari
Cheibriados
Dithmenos
Fedhas
Gozag
Hepliaklqana
Kikubaaqudgha
Makhleb
Nemelex Xobeh
Okawaru
Qazlal
Ru
Sif Muna
Trog
Uskayaw
Vehumet
Wu Jian
Xom
Yredelemnul
Jiyva

Shops:
D:3 [   D:8 *   D:10 (   Orc:2 ([*:

Annotations:
D:10 exclusion: orange crystal statue
Spider:3 2 transporters
Spider:4 1 runed translucent door, Flugslaktarn's ghost, adept MiFi


Innate Abilities, Weirdness & Mutations

You have a pair of large horns on your head.
You sometimes gain a little power by taking damage.
You are resistant to unholy torment.
Your movements are significantly less encumbered by armour. (ER -6)
A meltable shield of frost defends you. (SH +4)
You punish those that try to bend your will. (Will+)


Message History

You destroy the water elemental!
The water elemental disappears in a puff of smoke!
The water engulfing you falls away.
You gasp with relief as air once again reaches your lungs.
The elemental wellspring is engulfed in a cloud of scalding steam.
You block the water elemental's attack.
You slash the elemental wellspring!
You headbutt the elemental wellspring, but do no damage.
The elemental wellspring is heavily damaged.
You slash the water elemental!
Water spirits pour forth from the elemental wellspring!
Splash!
You fall into the shallow water.
Moving in this stuff is going to be slow.
The water elemental hits you!
* * * LOW HITPOINT WARNING * * *
The water elemental engulfs you in water!
Your unstable footing causes you to fumble your attack.
* * * LOW HITPOINT WARNING * * *
Your lungs strain for air!
The water elemental disappears in a puff of smoke!
Splash!
You fall into the shallow water.
Moving in this stuff is going to be slow.
The water elemental barely misses you.
Your unstable footing causes you to fumble your attack.
* * * LOW HITPOINT WARNING * * *
Your lungs strain for air!
Splash!
You fall into the shallow water.
Moving in this stuff is going to be slow.
You block the water elemental's attack.
Unknown command.
You feel much better.
* * * LOW HITPOINT WARNING * * *
Your lungs strain for air!
The water elemental barely misses you.
A torrent of water rises up through the elemental wellspring!
The torrent of water hits you!!!
You die...

~~~..~~~~~≈~~~~~~~.#
~~#~#~~~~≈~~~~~~~.#
###~~~~~~≈≈~~~~~~.## .
~~E~#†~~~~≈~~~~~~..###..
~~#.~~[~~~~~~~~~~~.....~
#~~~.~~~~~≈~~~~~~~....~
.~E~.~$~~~~~≈≈~~~....~~
.E~~....~~≈≈≈≈≈EE~##
..~~...~~~~~≈≈≈E@.#
.....E.~~~~~≈≈≈E.##
......~~~~~~≈≈~~##
..~~~~~~~~≈≈≈≈~.#
.~~~~~~~~~≈≈≈≈~.#
~~~~~~~~~≈≈≈≈≈~~.
~~~~~~~≈~~~~≈≈~~~
~~..~~≈~###~~≈~~
~~...~~~# .~~~≈≈


You could see an elemental wellspring and 3 water elementals.

Vanquished Creatures
  A kraken (Shoals:1)
  Agnes (D:14)
  Ilsuiw (Shoals:2)
  4 emperor scorpions
  2 ghost moths
  4 broodmothers
  An orc warlord (Orc:2)
  3 spark wasps
  A minotaur (Gauntlet)
  3 dire elephants (Lair:5)
  A blizzard demon (Gauntlet)
  2 merfolk impalers
  An ettin (D:15)
  4 entropy weavers
  2 merfolk javelineers
  5 vault guards
  3 hydras
  5 jorogumos
  Erica (D:9)
  3 two-headed ogres
  3 catoblepae
  A merfolk avatar (Shoals:3)
  A centaur warrior (D:13)
  A radroach (Spider:4)
  2 boulder beetles
  A death scarab (Gauntlet)
  8 tengu warriors
  A merfolk aquamancer (Shoals:2)
  6 demonic crawlers
  Urug (D:13)
  4 orc high priests (Orc:2)
  6 skysharks
  8 pharaoh ants
  A spectral death yak (Lair:5)
  5 skeletal warriors (D:14)
  Amaemon (D:8)
  A spectral anaconda (Lair:5)
  4 sea snakes
  An arcanist (D:13)
  2 bog bodies (IceCv)
  5 sun moths
  A spectral hydra (Gauntlet)
  9 orb spiders
  An obsidian statue (Lair:5)
  Pikel (D:8)
  5 harpies (Shoals:1)
  3 orc knights (Orc:2)
  4 necromancers (Lair:5)
  6 steelbarb worms
  5 cyclopes
  3 orc sorcerers (Orc:2)
  21 elephants
  21 wolf spiders
  10 fauns (Shoals:1)
  Maurice (D:9)
  3 moths of wrath
  9 manticores
  4 meliai (Spider:4)
  2 kobold blastminers (Orc:2)
  An ice statue (IceCv)
  3 gargoyles
  8 torpor snails
  3 water nymphs (Shoals:3)
  3 black mambas (Lair:4)
  Joseph (D:8)
  9 merfolk sirens
  An orange demon (D:8)
  2 dire elephant skeletons (Lair:5)
  18 cane toads
  3 rime drakes
  An anaconda simulacrum (IceCv)
  A freezing wraith (IceCv)
  A kobold demonologist (D:12)
  17 komodo dragons
  An unseen horror (D:12)
  2 tengu conjurers
  An efreet (D:13)
  9 merfolk
  5 trolls
  3 hornets (Spider:1)
  2 wind drakes
  2 spectral elephants (Lair:5)
  Prince Ribbit (D:6)
  4 dream sheep (Lair:5)
  47 tarantellas
  15 blink frogs
  3 snapping turtles
  7 slime creatures (D:14)
  31 culicivoras
  4 water elementals
  41 jumping spiders
  3 shadows
  2 wyverns
  60 yaks
  8 humans
  4 basilisks
  2 dire elephant simulacra (IceCv)
  2 wargs
  Grum (D:9)
  2 steam dragons
  A death yak simulacrum (Lair:5)
  Edmund (D:6)
  A spectral cane toad (Lair:5)
  58 redbacks
  A harpy simulacrum (IceCv)
  4 acid dragons
  23 water moccasins
  22 orc warriors
  A sky beast (D:7)
  4 ice beasts
  An elephant zombie (Lair:5)
  10 ogres
  15 wolves
  2 elephant skeletons (Lair:5)
  5 centaurs
  2 lemures (D:8)
  A phantom (D:5)
  22 bullfrogs
  8 kobold brigands
  5 two-headed ogre simulacra (IceCv)
  3 gnoll sergeants
  3 scorpions
  7 cane toad simulacra
  10 killer bees (D:11)
  4 elephant simulacra (IceCv)
  3 howler monkeys
  3 electric eels
  2 bombardier beetles
  3 hounds
  8 jellies
  3 gnoll boudas (D:7)
  17 orc priests
  14 iguanas
  26 orc wizards
  5 spriggan simulacra (IceCv)
  2 polar bear simulacra (IceCv)
  A wolf simulacrum (IceCv)
  7 troll simulacra (IceCv)
  25 gnolls
  11 adders
  4 naga simulacra (IceCv)
  3 shadow imps
  7 white imps
  11 ufetubi
  2 dart slugs
  3 ribbon worms
  69 orcs
  16 ball pythons
  5 bats
  8 endoplasms
  4 giant cockroaches
  11 hobgoblins
  3 jackals
  5 quokkas
  21 frilled lizards
  11 goblins
  21 kobolds
  5 rats
  4 tentacles (Shoals:1)
1111 creatures vanquished.

Vanquished Creatures (collateral kills)
  A vault guard (D:13)
  2 humans (D:13)
3 creatures vanquished.

Vanquished Creatures (others)
  A vault guard (D:13)
  A redback (Spider:4)
  A white imp (IceCv)
  7 tentacles (Shoals:1)
10 creatures vanquished.

Grand Total: 1124 creatures vanquished

Notes
Turn   | Place    | Note
-------+----------+-------------------------------------------
     0 | D:1      | avgcrawlenjoyer the Demonspawn Monk began the quest for the
                  | Orb.
     0 | D:1      | Reached XP level 1. HP: 18/18 MP: 1/1
    44 | D:1      | Gained mutation: Your movements are slightly less
                  | encumbered by armour. (ER -2) [demonic ancestry]
    44 | D:1      | Reached XP level 2. HP: 3/24 MP: 2/2
   156 | D:1      | Reached skill level 3 in Axes
   483 | D:1      | Gained mutation: A meltable shield of frost defends you.
                  | (SH +4) [demonic ancestry]
   483 | D:1      | Reached XP level 3. HP: 28/29 MP: 3/3
   928 | D:2      | Identified a scroll of acquirement
   929 | D:2      | Acquired a +1 broad axe of electrocution
  1071 | D:2      | Gained mutation: Your movements are less encumbered by
                  | armour. (ER -4) [demonic ancestry]
  1071 | D:2      | Reached XP level 4. HP: 37/37 MP: 4/4
  1684 | D:3      | Found Vidocsij's Antique Armour Emporium.
  1727 | D:3      | Reached skill level 1 in Stealth
  1766 | D:3      | Reached skill level 1 in Armour
  1766 | D:3      | Gained mutation: You have a pair of small horns on your
                  | head. [demonic ancestry]
  1766 | D:3      | Reached XP level 5. HP: 26/42 MP: 5/5
  1841 | D:3      | Reached skill level 4 in Axes
  2157 | D:3      | Found a blossoming altar of Fedhas.
  2374 | D:3      | Found an opulent altar of Gozag.
  2582 | D:4      | Noticed an ogre
  2682 | D:4      | Reached XP level 6. HP: 36/48 MP: 6/6
  2886 | D:4      | Gained mutation: You sometimes gain a little power by
                  | taking damage. [demonic ancestry]
  2886 | D:4      | Reached XP level 7. HP: 55/55 MP: 7/7
  3083 | D:4      | Found a shimmering blue altar of Sif Muna.
  3165 | D:4      | Reached skill level 5 in Axes
  3324 | D:4      | Found a glowing drain.
  3336 | Sewer    | Entered a sewer
  3492 | Sewer    | Acquired 731 gold pieces
  3778 | D:5      | Entered Level 5 of the Dungeon
  3848 | D:5      | Identified the +8 war axe of Godal {drain, *Noise rElec
                  | rN+}
  3913 | D:5      | Reached skill level 5 in Fighting
  3953 | D:5      | Gained mutation: Your movements are significantly less
                  | encumbered by armour. (ER -6) [demonic ancestry]
  3953 | D:5      | Reached XP level 8. HP: 38/62 MP: 8/8
  4151 | D:5      | Reached skill level 6 in Axes
  4281 | D:5      | Found a staircase to the Ecumenical Temple.
  4368 | Temple   | Entered the Ecumenical Temple
  4385 | Temple   | Became a worshipper of the Wu Jian Council
  4385 | Temple   | Reached * piety under Wu Jian
  4385 | Temple   | Reached ** piety under Wu Jian
  4593 | D:6      | Noticed Edmund
  4604 | D:6      | Killed Edmund
  4605 | D:6      | Reached skill level 5 in Dodging
  5108 | D:6      | Noticed Prince Ribbit
  5116 | D:6      | Killed Prince Ribbit
  5117 | D:6      | Reached XP level 9. HP: 48/69 MP: 9/9
  5414 | D:7      | Reached skill level 7 in Axes
  5559 | D:7      | Found an iron altar of Okawaru.
  6628 | D:8      | Reached skill level 5 in Stealth
  6679 | D:8      | Found Yrucri's CLEARANCE SALE!.
  6686 | D:8      | Bought a scroll of vulnerability for 16 gold pieces
  6686 | D:8      | Bought a wand of light (3) for 50 gold pieces
  6743 | D:8      | Found a flagged portal.
  6778 | Bailey   | Entered a bailey
  6796 | Bailey   | Reached skill level 8 in Axes
  6816 | Bailey   | Reached skill level 5 in Armour
  6857 | Bailey   | Reached *** piety under Wu Jian
  6858 | Bailey   | Gained mutation: You have a pair of horns on your head.
                  | [demonic ancestry]
  6858 | Bailey   | Reached XP level 10. HP: 65/77 MP: 10/10
  6906 | Bailey   | Noticed a vault guard
  6920 | Bailey   | Killed a vault guard
  7022 | Bailey   | Noticed a vault guard
  7031 | Bailey   | Killed a vault guard
  7218 | Bailey   | Reached skill level 9 in Axes
  7365 | D:8      | Noticed Joseph
  7371 | D:8      | Noticed Pikel
  7391 | D:8      | Killed Joseph
  7395 | D:8      | Killed Pikel
  7885 | D:8      | Noticed an orange demon
  7885 | D:8      | Noticed Amaemon
  7905 | D:8      | Killed Amaemon
  7908 | D:8      | Killed an orange demon
  7909 | D:8      | Reached XP level 11. HP: 34/86 MP: 11/11
  8453 | D:9      | Reached **** piety under Wu Jian
  8511 | D:9      | Noticed Grum
  8521 | D:9      | Killed Grum
  8779 | D:9      | Noticed Maurice
  8807 | D:10     | Entered Level 10 of the Dungeon
  8869 | D:10     | Reached skill level 10 in Axes
  9078 | D:10     | Found a staircase to the Orcish Mines.
  9160 | D:10     | Found Joyf's Weapon Emporium.
  9215 | D:10     | Reached ***** piety under Wu Jian
  9286 | D:10     | Identified the +4 scale mail of Time Monsters {Str+3}
  9307 | D:10     | Noticed an orange crystal statue
  9838 | D:3      | Bought a pair of runed gloves for 202 gold pieces
  9838 | D:3      | Bought a pair of runed boots for 202 gold pieces
  9838 | D:3      | Bought a runed buckler for 202 gold pieces
  9838 | D:3      | Bought a runed cloak for 202 gold pieces
 10029 | D:9      | Something stole a talisman of death
 10033 | D:9      | Something stole an orb of light
 10033 | D:9      | Something stole 312 gold
 10035 | D:9      | Something stole 43 gold
 10044 | D:9      | Killed Maurice
 10305 | D:9      | Found a sparkling altar of Nemelex Xobeh.
 10476 | D:9      | Noticed Erica
 10485 | D:9      | Killed Erica
 10527 | Orc:1    | Entered Level 1 of the Orcish Mines
 10604 | Orc:1    | HP: 2/87 [poisoned by an orc warrior]
 11007 | Orc:2    | Entered Level 2 of the Orcish Mines
 11070 | Orc:2    | Found a frozen archway.
 11118 | IceCv    | Entered an ice cave
 11596 | IceCv    | Reached skill level 11 in Axes
 11596 | IceCv    | Reached XP level 12. HP: 87/94 MP: 12/12
 11657 | IceCv    | Reached skill level 1 in Spellcasting
 11869 | IceCv    | Got Zamomuer's Compilation of Snow
 12174 | Orc:2    | Found a staircase to the Elven Halls.
 12466 | Orc:2    | Noticed an orc high priest
 13062 | D:11     | Noticed a two-headed ogre
 13072 | D:11     | Killed a two-headed ogre
 13218 | D:11     | Found a staircase to the Lair.
 13546 | D:11     | Found a sacrificial altar of Ru.
 13696 | Lair:1   | Entered Level 1 of the Lair of Beasts
 14080 | Lair:2   | Reached skill level 1 in Shields
 14095 | Lair:2   | Noticed a catoblepas
 14182 | Lair:2   | Killed a catoblepas
 14223 | Lair:2   | Reached ****** piety under Wu Jian
 14462 | Lair:2   | Found a hole to the Spider Nest.
 15477 | Lair:3   | Gained mutation: You punish those that try to bend your
                  | will. (Will+) [demonic ancestry]
 15477 | Lair:3   | Reached XP level 13. HP: 102/102 MP: 19/19
 15489 | Lair:3   | Reached skill level 1 in Evocations
 16438 | Lair:3   | Found a staircase to the Shoals.
 17501 | Lair:4   | Reached skill level 10 in Fighting
 18404 | Lair:5   | Entered Level 5 of the Lair of Beasts
 18594 | Lair:4   | Reached skill level 5 in Spellcasting
 19026 | Lair:5   | Reached skill level 12 in Axes
 19408 | Lair:5   | Reached XP level 14. HP: 105/110 MP: 22/22
 19429 | Lair:5   | Found a viscous altar of Jiyva.
 19431 | Lair:5   | Found a staircase to the Slime Pits.
 19463 | Lair:5   | Reached skill level 5 in Evocations
 19806 | Lair:5   | Reached skill level 10 in Armour
 21188 | D:12     | Learned a level 3 spell: Inner Flame
 21721 | D:13     | Noticed Urug
 21728 | D:13     | Killed Urug
 21812 | D:13     | Reached skill level 1 in Hexes
 21858 | D:13     | Reached skill level 1 in Fire Magic
 21884 | D:13     | Found a gate leading to a gauntlet.
 21949 | Gauntlet | Entered a Gauntlet
 21949 | Gauntlet | Found the +8 arc blade {discharge, rElec}
 21949 | Gauntlet | Found a transporter.
 21949 | Gauntlet | Found a transporter.
 21949 | Gauntlet | Found a transporter.
 21950 | Gauntlet | Found a transporter.
 21951 | Gauntlet | Found a transporter.
 21952 | Gauntlet | Found a large runed translucent door.
 21953 | Gauntlet | Found a large runed translucent door.
 21954 | Gauntlet | Found a large runed translucent door.
 21954 | Gauntlet | Found a large runed translucent door.
 21954 | Gauntlet | Found a runed translucent door.
 21954 | Gauntlet | Found a transporter.
 21954 | Gauntlet | Found a runed translucent door.
 21955 | Gauntlet | Found a large runed translucent door.
 21956 | Gauntlet | Found a large runed translucent door.
 22003 | Gauntlet | Found a transporter.
 22009 | Gauntlet | Found a transporter.
 22024 | Gauntlet | Found a transporter.
 22035 | Gauntlet | Found a transporter.
 22052 | Gauntlet | Found a transporter.
 22055 | Gauntlet | Found a transporter.
 22057 | Gauntlet | Found a runed translucent gate.
 22057 | Gauntlet | Found a runed translucent gate.
 22057 | Gauntlet | Found a runed translucent gate.
 22058 | Gauntlet | Found a large runed translucent door.
 22058 | Gauntlet | Found a large runed translucent door.
 22059 | Gauntlet | Found a large runed translucent door.
 22061 | Gauntlet | Found a large runed translucent door.
 22062 | Gauntlet | Found a large runed translucent door.
 22063 | Gauntlet | Found a large runed translucent door.
 22067 | Gauntlet | Found a large runed translucent door.
 22067 | Gauntlet | Found a large runed translucent door.
 22068 | Gauntlet | Found a large runed translucent door.
 22069 | Gauntlet | Found a large runed translucent door.
 22160 | Gauntlet | Identified the +6 halberd "Guh Siar" {vamp, rF- rN++}
 22467 | Gauntlet | Identified the amulet "Ocrowuv" {Spirit Rampage}
 22950 | D:13     | Found a gate to the Vaults.
 23173 | D:13     | Identified the ring "Daceraptyo" {rN++ Int-3 Dex+6 Slay+3
                  | SInv}
 23453 | D:14     | Reached XP level 15. HP: 91/117 MP: 24/24
 23455 | D:14     | Reached skill level 1 in Throwing
 23464 | D:14     | Found a flickering gateway to a bazaar.
 23482 | Bazaar   | Entered a bazaar
 23561 | Bazaar   | Found Deggish's Jewellery Shoppe.
 23561 | Bazaar   | Found Qiedepnirag's Antique Armour Emporium.
 23582 | Bazaar   | Found Utoalab's Magic Scroll Shoppe.
 23640 | Bazaar   | Bought the ring of Gased {rCorr Str+7 SInv Stlth-} for 489
                  | gold pieces
 23868 | D:14     | Noticed Agnes
 23880 | D:14     | Killed Agnes
 23881 | D:14     | Reached skill level 5 in Shields
 23990 | D:14     | Reached skill level 1 in Shapeshifting
 24255 | D:14     | You fall into a shaft and drop 1 floor!
 24255 | D:15     | Entered Level 15 of the Dungeon
 24257 | D:15     | Found a staircase to the Depths.
 24265 | D:15     | Reached skill level 10 in Stealth
 25104 | Lair:5   | Identified the +1 plate armour of Vampiric Thralls {rF+}
 25599 | Spider:1 | Entered Level 1 of the Spider Nest
 25859 | Spider:1 | Reached skill level 10 in Dodging
 26763 | Spider:2 | Gained mutation: You have a pair of large horns on your
                  | head. [demonic ancestry]
 26763 | Spider:2 | Reached XP level 16. HP: 122/125 MP: 26/26
 28149 | Spider:3 | Found a transporter.
 28151 | Spider:3 | Found a transporter.
 28442 | Spider:3 | Reached skill level 13 in Axes
 28953 | Spider:4 | Entered Level 4 of the Spider Nest
 29156 | Spider:4 | Reached skill level 5 in Shapeshifting
 29192 | Spider:4 | Reached skill level 5 in Throwing
 29808 | Spider:4 | Gained mutation: You are resistant to unholy torment.
                  | [demonic ancestry]
 29808 | Spider:4 | Reached XP level 17. HP: 70/133 MP: 28/28
 29875 | Spider:4 | Reached skill level 5 in Hexes
 30570 | Spider:4 | Found a runed translucent door.
 30570 | Spider:4 | Found a shimmering altar of Xom.
 30570 | Spider:4 | Noticed Flugslaktarn's ghost (adept MiFi)
 30570 | Spider:4 | Identified the +8 bardiche of Gloom {chaos, rElec Str+6}
 31283 | Spider:4 | Got a gossamer rune of Zot
 31576 | Orc:2    | Found Gorchij's Antique Armour Shoppe.
 31576 | Orc:2    | Found Vompedgh's Antique Weapon Shoppe.
 31612 | Orc:2    | Found Qussoas's General Store.
 31613 | Orc:2    | Found Tuqa's Book Emporium.
 31628 | Orc:2    | Bought a potion of heal wounds for 65 gold pieces
 31860 | Shoals:1 | Entered Level 1 of the Shoals
 32155 | Shoals:1 | Reached skill level 5 in Fire Magic
 32449 | Shoals:1 | Noticed a kraken
 32466 | Shoals:1 | Killed a kraken
 32809 | Shoals:2 | Noticed Ilsuiw
 32836 | Shoals:2 | Killed Ilsuiw
 33008 | Shoals:2 | Identified the +1 plate armour of Makhleb, Rescuing {rF+
                  | Will+ Stlth+}
 33729 | Shoals:3 | HP: 5/135 [water nymph/the raging water (16)]
 33747 | Shoals:3 | Killed from afar by an elemental wellspring

Illustrated notes

Levels and vault maps discovered:
D:1:      heliophobic_arrival_henge, layout_loops_ring, minivault_26,
          minmay_pentomino_x4
D:2:      cheibrodos_helix_gallery, layout_basic
D:3:      layout_basic, fedhas_altar_4, elyvilon_altar_1,
          mainiacjoe_overflow_six_doors_small, serial_shops,
          nicolae_shop_dealshenge
D:4:      layout_basic, led_sif_pool, cheibrodos_sewer_entry_bend,
          guppyfry_early_orc_mine
D:5:      layout_cave_pools, temple_statues
D:6:      layout_rooms, uniq_prince_ribbit1, uniq_edmund
D:7:      layout_layer_cave, okawaru_trees_1
D:8:      layout_basic, enter_bailey_5, nicolae_shop_clearance, uniq_amaemon,
          uniq_joseph, uniq_pikel
D:9:      nicolae_hitomezashi [nicolae_hito_row, nicolae_hito_row,
          nicolae_hito_row, nicolae_hito_row, nicolae_hito_row,
          nicolae_hito_row, nicolae_hito_row, nicolae_hito_row,
          nicolae_hito_row, nicolae_hito_row, nicolae_hito_row,
          nicolae_hito_row, nicolae_hito_row, nicolae_hito_row,
          nicolae_hito_row, nicolae_hito_row, nicolae_hito_row,
          nicolae_hito_row], layout_loops_ring,
          mainiacjoe_overflow_concentric_impassable, st_stairs_4, uniq_grum,
          uniq_maurice, uniq_erica
D:10:     layout_basic, kennysheep_orc_monster_closet_entryway, serial_shops,
          shop, hex_intersection, minmay_statue_bubble
D:11:     layout_basic, lair_entry_dummy, eino_small_chamber_without_monster,
          nicolae_ru_the_path_less_chosen
D:12:     layout_basic, minmay_misc_feat_enclosed, grunt_ministairs_8,
          glass_columns_c, minmay_misc_feat_roman
D:13:     layout_roguey, ximxim_vaults_locker_room, gauntlet_entry_generic,
          uniq_urug
D:14:     layout_roguey, serial_shops, bzr_firewalk, minmay_holes, uniq_agnes
D:15:     hangedman_depths_entry_civil_slaughter, layout_basic,
          gammafunk_ghost_ooze, uniq_jorgrun
Temple:   nicolae_temple_bog_church
Lair:1:   lemuel_reptile_caves, layout_cave_pods, grunt_megastairs_3,
          serial_bayou_shore_b
Lair:2:   layout_small_grid, spider_nest_entry_a
Lair:3:   layout_cave_pods, mainiacjoe_shoals_entry_four_pools,
          grunt_megastairs_1
Lair:4:   layout_layer_cave
Lair:5:   due_jungle_book, layout_misc_corridors, slime_entry_2
Shoals:1: layout_shoals
Shoals:2: layout_shoals, uniq_ilsuiw
Shoals:3: layout_shoals, nicolae_shoals_spring_well_temple, uniq_louise
Spider:1: layout_spider_delve, guppyfry_hornet_nest
Spider:2: layout_spider_delve
Spider:3: gammafunk_boulding_lane, hangedman_spider_tarantella_strand
Spider:4: grunt_spider_rune_island, ebering_ghost_xom, drop_trap
Orc:1:    layout_caves
Orc:2:    st_orc_congregation, layout_diamond_mine,
          portal_ice_cave_entry_pillars_1

Skill      XL: |  1  2  3  4  5  6  7  8  9 10 11 12 13 14 15 16 17 |
---------------+----------------------------------------------------+-----
Dodging        | 3 4 5 6 7 8 9 10 | 10.9
Axes           | 3 4 5 6 8 9 11 12 13 | 13.8
Stealth        | 1 2 3 4 5 6 7 8 9 10 11 | 11.2
Fighting       | 4 5 6 7 8 9 10 11 12 | 12.5
Armour         | 1 2 3 4 5 6 7 8 9 10 11 | 11.8
Spellcasting   | 4 5 6 7 8 |  8.0
Shields        | 1 3 4 5 6 7 |  7.5
Evocations     | 4 6 7 8 |  8.6
Hexes          | 2 3 4 5 |  5.7
Fire Magic     | 1 3 4 5 |  5.1
Throwing       | 4 5 6 |  6.0
Shapeshifting  | 3 5 |  5.9

Action                     |  1- 3 |  4- 6 |  7- 9 | 10-12 | 13-15 | 16-18 || total
---------------------------+-------+-------+-------+-------+-------+-------++-------
  Melee: Hand axe          |    66 |       |       |       |       |       ||    66
         Broad axe         |    17 |    87 |   255 |   666 |  1263 |   933 ||  3221
         Headbutt          |       |    11 |    60 |   190 |   339 |   246 ||   846
         Scimitar          |       |       |       |       |    14 |       ||    14
  Throw: Dart              |       |     2 |       |    14 |    15 |       ||    31
         Throwing net      |       |       |       |     1 |     5 |       ||     6
 Invoke: Heavenly Storm    |       |       |       |       |     3 |     5 ||     8
Ability: Whirlwind         |       |       |     3 |    37 |   217 |   292 ||   549
         Lunge             |       |       |    10 |    53 |    45 |    68 ||   176
         Wall Jump         |       |       |       |       |       |     1 ||     1
  Evoke: Wand              |       |       |       |     7 |     2 |     2 ||    11
         Condenser vane    |       |       |       |       |     1 |       ||     1
    Use: Scroll            |     2 |     6 |     6 |     9 |     7 |     3 ||    33
         Potion            |       |       |     2 |    12 |     6 |     7 ||    27
   Stab: Invisible         |       |       |       |     1 |       |       ||     1
         Sleeping          |       |       |       |     9 |     2 |       ||    11
         Petrified         |       |       |       |       |     8 |       ||     8
         Petrifying        |       |       |       |       |     1 |       ||     1
         Confused          |       |       |       |       |     1 |       ||     1
         Held in net/web   |       |       |       |       |     3 |       ||     3
         Distracted        |       |       |       |       |       |     1 ||     1
 Armour: Robe              |    16 |       |       |       |       |       ||    16
         Ring mail         |    19 |    54 |    87 |       |       |       ||   160
         Plate armour      |       |       |   108 |   172 |       |       ||   280
         Scale mail        |       |       |       |    50 |       |       ||    50
         Crystal plate arm |       |       |       |   250 |  1005 |   561 ||  1816
         Leather armour    |       |       |       |    16 |       |       ||    16
         Skin              |       |       |       |     3 |       |       ||     3
  Dodge: Dodged            |    61 |    73 |   226 |   296 |   558 |   505 ||  1719
  Block: Buckler           |       |       |       |   218 |   407 |       ||   625
         Tower shield      |       |       |       |       |   100 |       ||   100
         Kite shield       |       |       |       |       |   491 |  1001 ||  1492

Table legend: (Time is in decaauts)
 A = Elapsed time spent in this place.
 B = Non-inter-level travel time spent in this place.
 C = Inter-level travel time spent in this place.
 D = Time resting spent in this place.
 E = Time spent auto-exploring this place.
 F = Levels seen in this place.
 G = Mean time per level.
                   A        B        C        D        E       F      G
               +--------+--------+--------+--------+--------+-----+--------+
         Total |  34298 |  32125 |   2173 |   4972 |  18437 |  35 |  979.9 |
       Dungeon |  13831 |  12645 |   1186 |    749 |   8572 |  15 |  922.1 |
        Temple |     35 |     19 |     16 |      0 |      0 |   1 |   35.0 |
          Lair |   8416 |   7770 |    646 |   1092 |   4906 |   5 | 1683.2 |
        Shoals |   1992 |   1914 |     78 |    310 |   1047 |   3 |  664.0 |
   Spider Nest |   5859 |   5672 |    187 |   1606 |   2405 |   4 | 1464.8 |
  Orcish Mines |   1211 |   1155 |     56 |    374 |    438 |   2 |  605.5 |
        Bazaar |    202 |    202 |      0 |      0 |    102 |   1 |  202.0 |
         Sewer |    327 |    327 |      0 |      0 |    182 |   1 |  327.0 |
        Bailey |    529 |    529 |      0 |    192 |    180 |   1 |  529.0 |
      Ice Cave |   1041 |   1041 |      0 |    178 |    599 |   1 | 1041.0 |
      Gauntlet |    849 |    849 |      0 |    471 |      4 |   1 |  849.0 |
               +--------+--------+--------+--------+--------+-----+--------+

Top non-repeatable levels by time:
Spider:4: 2416 daAuts
  Lair:3: 2032 daAuts
  Lair:5: 1801 daAuts
  Lair:4: 1555 daAuts
  Lair:1: 1528 daAuts
  Lair:2: 1498 daAuts
     D:8: 1338 daAuts
Spider:2: 1314 daAuts
     D:7: 1314 daAuts
    D:11: 1306 daAuts
Spider:1: 1181 daAuts
     D:3: 1096 daAuts
   IceCv: 1041 daAuts
    D:10: 1023 daAuts
Shoals:1: 998 daAuts
